 Dungeon Crawl Stone Soup version 0.29.0-10-g45618ea6d2 (webtiles) character file.

Game seed: 4552936217238974922

13629 Flugkiller the Severer (level 11, -5/102 HPs)
             Began as a Minotaur Fighter on Sept 1, 2022.
             Was a High Priest of Okawaru.
             Slain by a 14-headed hydra (8 damage)
             ... on level 1 of the Lair of Beasts.
             The game lasted 00:05:18 (12666 turns).

Flugkiller the Severer (Minotaur Fighter)          Turns: 12666, Time: 00:05:19

Health: -5/102     AC: 21    Str: 20    XL:     11   Next: 78%
Magic:  24/24      EV: 13    Int:  8    God:    Okawaru [*****.]
Gold:   841        SH:  6    Dex: 15    Spells: 10/10 levels left

rFire   . . .      SeeInvis .   a - +1 war axe (freeze)
rCold   . . .      Faith    +   y - +0 buckler
rNeg    . . .      Spirit   .   D - +2 plate armour "Vunulucs" {rElec MP+9 Int+3}
rPois   +          Reflect  .   (helmet restricted)
rElec   +          Harm     .   (no cloak)
rCorr   .          Rampage  .   (no gloves)
Will    .....                   B - +0 pair of boots
Stlth   ..........              e - amulet of faith
HPRegen 0.27/turn               o - ring of poison resistance
MPRegen 0.19/turn               v - +4 ring of evasion

@: heroic
A: horns 2, retaliatory headbutt
a: Renounce Religion, Heroism, Finesse, Duel


You were on level 1 of the Lair of Beasts.
You worshipped Okawaru.
Okawaru was extremely pleased with you.
You visited 3 branches of the dungeon, and saw 13 of its levels.

You collected 841 gold pieces.

Inventory:

Hand Weapons
 a - a +1 war axe of freezing (weapon)
 s - a +0 hand axe of flaming
   (You took it off an orc on level 4 of the Dungeon)
 I - a +1 dagger of distortion
   (You took it off Psyche on level 8 of the Dungeon)
Missiles
 f - 4 throwing nets (quivered)
 w - 9 boomerangs
Armour
 b - a +0 scale mail
 y - a +0 buckler (worn)
 B - a +0 pair of boots (worn)
   (You found it on level 7 of the Dungeon)
 D - the +2 plate armour "Vunulucs" (worn) {rElec MP+9 Int+3}
   (You found it on level 7 of the Dungeon)

   Int:       It affects your intelligence (+3).
   rElec:     It insulates you from electricity.
   MP:        It affects your magic capacity (+9).
Jewellery
 c - a ring of protection from cold
   (You found it on level 5 of the Dungeon)
 e - an amulet of faith (around neck)
   (You found it on level 6 of the Dungeon)
 i - a ring of see invisible
   (You found it on level 8 of the Dungeon)
 o - a ring of poison resistance (left hand)
   (You found it on level 2 of the Dungeon)
 p - a +4 ring of protection
   (You found it on level 8 of the Dungeon)
 v - a +4 ring of evasion (right hand)
   (You found it on level 1 of the Dungeon)
 K - a +4 ring of protection
   (You found it on level 1 of the Lair of Beasts)
Wands
 m - a wand of paralysis (26)
   (You found it on level 6 of the Dungeon)
 F - a wand of mindburst (19)
   (You found it on level 8 of the Dungeon)
 M - a wand of quicksilver (1)
   (You found it on level 10 of the Dungeon)
Scrolls
 k - 2 scrolls of enchant armour
 l - 3 scrolls of magic mapping
 r - a scroll of identify
 t - 12 scrolls of teleportation
 u - 2 scrolls of silence
 z - a scroll of poison {unknown}
 H - 2 scrolls of fear
Potions
 d - 2 potions of might
 g - a potion of degeneration {unknown}
 h - 5 potions of haste
 j - a potion of resistance {unknown}
 n - 5 potions of lignification
 q - 6 potions of curing
 x - a potion of heal wounds {unknown}
 A - 2 potions of magic {unknown}
 C - 2 potions of flight {unknown}
 E - 3 potions of brilliance {unknown}
 G - 3 potions of attraction {unknown}
 J - a potion of berserk rage {unknown}
 L - a potion of mutation {unknown}
 N - a potion of cancellation {unknown}


   Skills:
 + Level 11.3(16.3) Fighting
 * Level 15.1(20.1) Axes
 + Level 11.3(16.3) Armour
 - Level 3.6(8.6) Shields
 + Level 6.6 Invocations


You had 10 spell levels left.
You didn't know any spells.
Your spell library was empty.

Dungeon Overview and Level Annotations

Branches:
Dungeon (11/15)            Temple (1/1) D:7            Lair (1/5) D:11
    Orc (0/2) D:11

Altars:
Ashenzari
Elyvilon
Fedhas
Gozag
Hepliaklqana
Kikubaaqudgha
Makhleb
Okawaru
Ru
Sif Muna
Trog
Uskayaw
Vehumet
Xom
Zin
The Shining One

Shops:
D:10 :

Annotations:
D:10 2 transporters, Hyawatha's ghost, novice HOBe


Innate Abilities, Weirdness & Mutations

You have a pair of horns on your head.
You reflexively headbutt those who attack you in melee.


Message History

The six-headed hydra is heavily wounded.
The six-headed hydra bites you. The six-headed hydra barely misses you.
The six-headed hydra closely misses you.
You block the six-headed hydra's attack.
The six-headed hydra bites you but does no damage. x2
You slice one of the six-headed hydra's heads off!
The five-headed hydra grows two more!
You slash the seven-headed hydra!
The seven-headed hydra seems to slow down.
You freeze the seven-headed hydra. You headbutt the seven-headed hydra.
The seven-headed hydra is heavily wounded.
You hit the seven-headed hydra.
The seven-headed hydra seems to slow down.
You freeze the seven-headed hydra. You headbutt the seven-headed hydra.
The seven-headed hydra is heavily wounded.
The seven-headed hydra bites you!
The seven-headed hydra bites you but does no damage.
The seven-headed hydra bites you. x2
You block the seven-headed hydra's attack.
The seven-headed hydra closely misses you. x2
You chop one of the seven-headed hydra's heads off!
The six-headed hydra grows two more!
You slash the eight-headed hydra! You freeze the eight-headed hydra.
The eight-headed hydra is heavily wounded.
You chop one of the eight-headed hydra's heads off!
The seven-headed hydra grows two more!
You hit the nine-headed hydra.
The nine-headed hydra seems to slow down.
You freeze the nine-headed hydra.
The nine-headed hydra is heavily wounded.
You block the nine-headed hydra's attack.
The nine-headed hydra completely misses you.
The nine-headed hydra bites you but does no damage.
The nine-headed hydra bites you.
The nine-headed hydra bites you but does no damage. x2
The nine-headed hydra misses you. The nine-headed hydra bites you!
The nine-headed hydra bites you but does no damage.
You hit the nine-headed hydra.
The nine-headed hydra seems to slow down.
You freeze the nine-headed hydra.
The nine-headed hydra is heavily wounded.
You lop one of the nine-headed hydra's heads off!
The eight-headed hydra grows two more!
You hit the ten-headed hydra. You freeze the ten-headed hydra.
You headbutt the ten-headed hydra.
The ten-headed hydra is heavily wounded.
The ten-headed hydra misses you.
The ten-headed hydra closely misses you.
You block the ten-headed hydra's attack.
The ten-headed hydra bites you! The ten-headed hydra bites you.
You block the ten-headed hydra's attack.
The ten-headed hydra bites you. The ten-headed hydra bites you! x3
* * * LOW HITPOINT WARNING * * *
You are too injured to fight recklessly!
You slice one of the ten-headed hydra's heads off!
The nine-headed hydra grows two more!
You slice the 11-headed hydra!! You freeze the 11-headed hydra!
You headbutt the 11-headed hydra!
The 11-headed hydra is almost dead.
You are too injured to fight recklessly!
You hack one of the 11-headed hydra's heads off!
The ten-headed hydra grows two more!
You hit the 12-headed hydra.
The 12-headed hydra seems to slow down.
You freeze the 12-headed hydra.
The 12-headed hydra is almost dead.
The 12-headed hydra bites you but does no damage. x2
The 12-headed hydra bites you.
* * * LOW HITPOINT WARNING * * *
The 12-headed hydra bites you but does no damage.
The 12-headed hydra misses you.
The 12-headed hydra bites you but does no damage.
You block the 12-headed hydra's attack. The 12-headed hydra closely misses you.
The 12-headed hydra misses you. The 12-headed hydra bites you.
* * * LOW HITPOINT WARNING * * *
The 12-headed hydra bites you but does no damage.
The 12-headed hydra bites you.
* * * LOW HITPOINT WARNING * * *
Unknown command.
You chop one of the 12-headed hydra's heads off!
The 11-headed hydra grows two more!
You slash the 13-headed hydra!
The 13-headed hydra seems to slow down.
You freeze the 13-headed hydra.
The 13-headed hydra is almost dead.
Unknown command.
Okay, then.
You lop one of the 13-headed hydra's heads off!
The 12-headed hydra grows two more!
You slash the 14-headed hydra!
The 14-headed hydra seems to slow down.
You freeze the 14-headed hydra. You headbutt the 14-headed hydra.
The 14-headed hydra is almost dead.
The 14-headed hydra bites you.
* * * LOW HITPOINT WARNING * * *
The 14-headed hydra bites you but does no damage.
The 14-headed hydra bites you.
* * * LOW HITPOINT WARNING * * *
You block the 14-headed hydra's attack. The 14-headed hydra bites you.
* * * LOW HITPOINT WARNING * * *
The 14-headed hydra bites you.
* * * LOW HITPOINT WARNING * * *
The 14-headed hydra misses you.
The 14-headed hydra closely misses you. x2
The 14-headed hydra bites you.
* * * LOW HITPOINT WARNING * * *
The 14-headed hydra misses you.
The 14-headed hydra bites you but does no damage.
The 14-headed hydra bites you!
You die...

......##.+......[...#
#......
#.######.#......)...#
....).. ###
###..........#
##...... ####'#######
.#.###. #....# ###..
# ###...### #.
#.#.#.#.## #.?......#
#....@...#
#....D.......
#.....?..####
#........# #........#
#.!......# ..
.........# .
.#####.##.# #. ..


You could see a 14-headed hydra (slow).

Vanquished Creatures
  A boulder beetle (D:11)
  A two-headed ogre (D:10)
  A death yak (D:10)
  A wizard (D:10)
  An ugly thing (D:11)
  A cyclops (D:11)
  A manticore (D:11)
  A cane toad (Lair:1)
  Psyche (D:8)
  A komodo dragon (Lair:1)
  A kobold demonologist (D:11)
  A hornet (D:9)
  Grinder (D:6)
  2 shadows
  24 yaks
  3 wyverns
  6 vampire mosquitoes (D:11)
  A steam dragon (D:6)
  5 water moccasins
  3 orc warriors
  2 ice beasts
  5 black bears
  2 sky beasts (D:8)
  2 centaurs
  4 wolves (Lair:1)
  A phantom (D:6)
  2 bullfrogs (D:7)
  3 necrophages
  A kobold brigand (D:9)
  2 gnoll sergeants
  A scorpion (D:5)
  3 killer bees (D:9)
  2 howler monkeys (D:9)
  A crimson imp (D:10)
  3 hounds (D:5)
  3 orc priests
  5 iguanas
  7 orc wizards
  3 hell rats (D:10)
  6 gnolls
  3 adders
  3 river rats
  2 shadow imps
  3 ufetubi
  A worm (D:5)
  4 dart slugs
  20 orcs
  4 endoplasms
  2 giant cockroaches
  A goblin (D:1)
  7 hobgoblins
  6 quokkas
  5 ball pythons
  5 bats
  4 frilled lizards
  14 kobolds
  6 rats
205 creatures vanquished.

Vanquished Creatures (others)
  A plant (Lair:1)
1 creature vanquished.

Grand Total: 206 creatures vanquished

Notes
Turn   | Place    | Note
-------+----------+-------------------------------------------
     0 | D:1      | Flugkiller the Minotaur Fighter began the quest for the
                  | Orb.
     0 | D:1      | Reached XP level 1. HP: 19/19 MP: 0/0
   291 | D:1      | Reached XP level 2. HP: 27/27 MP: 1/1
   292 | D:1      | Reached skill level 3 in Axes
   780 | D:2      | You fall into a shaft and drop 2 floors!
   953 | D:4      | Reached XP level 3. HP: 33/33 MP: 2/2
  1025 | D:3      | Identified the +12 spear of Moral Flaws {speed, rPois rC+
                  | Dex-5}
  1766 | D:3      | Reached skill level 4 in Axes
  2017 | D:3      | Reached XP level 4. HP: 41/41 MP: 3/3
  2929 | D:4      | Reached XP level 5. HP: 37/47 MP: 2/4
  2934 | D:4      | Reached skill level 5 in Axes
  3305 | D:5      | Entered Level 5 of the Dungeon
  3308 | D:5      | Noticed a water moccasin
  3316 | D:5      | Killed a water moccasin
  3317 | D:5      | Reached skill level 5 in Fighting
  3317 | D:5      | Reached skill level 5 in Armour
  3317 | D:5      | Reached XP level 6. HP: 53/56 MP: 5/5
  3342 | D:5      | Found a bloodstained altar of Trog.
  3391 | D:5      | Reached skill level 6 in Axes
  4038 | D:5      | Reached XP level 7. HP: 53/62 MP: 6/6
  4107 | D:5      | Reached skill level 7 in Axes
  4863 | D:6      | Identified the +2 ring mail "Bauroa" {rElec Str-4 Dex+5
                  | SInv}
  4881 | D:6      | Reached skill level 8 in Axes
  4945 | D:6      | Noticed Grinder
  4950 | D:6      | Paralysed by Grinder for 2 turns
  4954 | D:6      | Killed Grinder
  4955 | D:6      | Reached XP level 8. HP: 67/71 MP: 7/7
  5070 | D:6      | Identified the +12 dagger "Famepp" {vorpal, Int+4}
  5157 | D:6      | Reached skill level 9 in Axes
  5881 | D:7      | Found a staircase to the Ecumenical Temple.
  5955 | D:7      | Identified the +2 plate armour "Vunulucs" {rElec MP+9
                  | Int+3}
  6087 | D:7      | Reached skill level 10 in Axes
  6149 | D:7      | Reached XP level 9. HP: 81/81 MP: 8/8
  6286 | Temple   | Entered the Ecumenical Temple
  6531 | Temple   | Became a worshipper of Warmaster Okawaru
  6754 | D:8      | Reached skill level 1 in Invocations
  6859 | D:8      | Reached * piety under Okawaru
  7151 | D:8      | Reached skill level 11 in Axes
  7540 | D:8      | Noticed Psyche
  7547 | D:8      | Killed Psyche
  7595 | D:8      | Reached ** piety under Okawaru
  7743 | D:8      | Reached skill level 12 in Axes
  7743 | D:8      | Reached XP level 10. HP: 59/91 MP: 11/11
  8677 | D:9      | Paralysed by a hornet for 2 turns
  8974 | D:9      | Found an ancient bone altar of Kikubaaqudgha.
  8999 | D:10     | Entered Level 10 of the Dungeon
  9027 | D:10     | Reached *** piety under Okawaru
  9043 | D:10     | Reached skill level 13 in Axes
  9048 | D:10     | Reached **** piety under Okawaru
  9049 | D:10     | Reached skill level 10 in Fighting
  9050 | D:10     | Reached skill level 10 in Armour
  9366 | D:10     | Reached skill level 5 in Invocations
  9527 | D:10     | Noticed a two-headed ogre
  9534 | D:10     | Killed a two-headed ogre
  9534 | D:10     | Reached ***** piety under Okawaru
  9535 | D:10     | Reached XP level 11. HP: 78/101 MP: 13/13
  9697 | D:10     | Found a transporter.
  9764 | D:10     | Found Oteppam's Book Emporium.
 10140 | D:10     | Noticed a wizard
 10150 | D:10     | Killed a wizard
 10427 | D:10     | Noticed Hyawatha's ghost (novice HOBe)
 10428 | D:10     | Noticed a two-headed ogre
 10429 | D:10     | Identified the +6 dire flail of Demonkind {flame, Fragile
                  | rF++ Str+5}
 10429 | D:10     | Noticed a two-headed ogre
 10430 | D:10     | Noticed a two-headed ogre
 10441 | D:10     | Found a transporter.
 10457 | D:11     | Noticed a death yak
 10457 | D:11     | Found a staircase to the Lair.
 10458 | D:11     | Noticed a death yak
 10459 | D:11     | Noticed a death yak
 10483 | D:10     | Killed a death yak
 10484 | D:10     | Reached skill level 14 in Axes
 10870 | D:11     | Found a staircase to the Orcish Mines.
 11004 | D:11     | Identified the +2 ring mail of Mirth {Slay+2} (Okawaru
                  | gifted it to you on level 11 of the Dungeon)
 11004 | D:11     | Received a gift from Okawaru
 11119 | D:11     | Noticed a purple ugly thing
 11134 | D:11     | Killed a purple ugly thing
 11323 | D:11     | Noticed a boulder beetle
 11357 | D:11     | Killed a boulder beetle
 12036 | Lair:1   | Entered Level 1 of the Lair of Beasts
 12384 | Lair:1   | Reached skill level 15 in Axes
 12651 | Lair:1   | Noticed a five-headed hydra
 12666 | Lair:1   | HP: 5/102 [14-headed hydra (3)]
 12666 | Lair:1   | Slain by a 14-headed hydra

Illustrated notes

Levels and vault maps discovered:
D:1:      zelgadis_glass_arrival_small, layout_basic,
          shapermc_ecumenical_altar_petra
D:2:      layout_loops_ring
D:3:      layout_basic
D:4:      layout_gridville
D:5:      minmay_chambers_of_fours, layout_basic, bloody_trog,
          minmay_misc_feat_nine_boxes, nrook_uturn
D:6:      layout_loops_ring, supply_closet_lemuel, minmay_puff, uniq_grinder
D:7:      layout_rooms, minmay_temple_entry_purple_smoke, grunt_decor_junction,
          minmay_misc_feat_roman, hangedman_decor_slide_cut,
          minmay_misc_feat_columns
D:8:      layout_gridville, uniq_psyche
D:9:      layout_long_grid, nicolae_overflow_hidden_temple, minmay_fountain_box,
          kennysheep_generic_room_2
D:10:     layout_cave_pools, gammafunk_ghost_smash, serial_shops,
          nicolae_shop_crystal, minivault_11, lightli_wizard_tower
D:11:     layout_rooms, dpeg_lair_monsters, orc_0_dummy
Temple:   mainiacjoe_temple_big_plus
Lair:1:   layout_roguey, portal_ice_cave_demonic_guard

Skill      XL: |  1  2  3  4  5  6  7  8  9 10 11 |
---------------+----------------------------------+-----
Axes           | 3 4 5 6 8 10 12 13 15 | 15.1
Fighting       | 4 5 6 7 9 10 11 | 11.3
Armour         | 4 5 6 8 9 10 11 | 11.3
Invocations    | 3 5 6 |  6.6
Shields        | |  3.6

Action                   |  1- 3 |  4- 6 |  7- 9 | 10-12 || total
-------------------------+-------+-------+-------+-------++-------
Melee: War axe           |    86 |    70 |   156 |   309 ||   621
       Headbutt          |    12 |    12 |    36 |    76 ||   136
Invok: Heroism           |       |       |     3 |    13 ||    16
  Use: Scroll            |       |       |    11 |     6 ||    17
       Potion            |       |       |     1 |     1 ||     2
Armor: Scale mail        |    38 |    12 |    44 |       ||    94
       Plate armour      |       |       |    34 |   136 ||   170
Dodge: Dodged            |    47 |    31 |    92 |   158 ||   328
Block: Buckler           |    26 |     9 |    29 |    77 ||   141
